Map: Frozen Temple

Players

사랑이어떻게변해

  • Race: Terran Terran
  • League: Master

ReacH - Winner!

  • Race: Protoss Protoss
  • League: Diamond

VOD

Have the link to the VOD?

Description

Time

  • Played on: April 18, 2016, 12:53 p.m.
  • Length: 11:23
Show
View Real Time Build Order
Export as new Build Order

사랑이어떻게변해 Terran 

Build Orders: Command Center First (CC), MMM Bio 

Get SALT Encoding   

  12  0:01  SCV  
  13  0:13  SCV  
  14  0:18  Supply Depot  
  14  0:25  SCV  
  15  0:40  SCV  
  16  0:52  SCV  
  17  1:00  Command Center  
  18  1:04  SCV  
  18  1:16  SCV  
  19  1:24  Barracks  
  19  1:28  SCV  
  20  1:33  Refinery  
  20  1:40  SCV  
  20  1:45  Supply Depot  
  21  1:52  SCV  
  22  2:04  SCV  
  23  2:12  Marine  
  23  2:15  Bunker  
  24  2:16  Orbital Command  
  24  2:17  Orbital Command  
  24  2:27  Refinery  
  24  2:34  Factory  
  24  2:42  SCV x2  
  26  2:52  Barracks Reactor  
  26  2:54  SCV  
  26  2:55  SCV  
  28  3:00  Engineering Bay  
  28  3:06  SCV  
  28  3:07  SCV  
  30  3:13  Supply Depot  
  30  3:19  SCV x2  
  32  3:23  Supply Depot  
  32  3:31  SCV x2, Starport  
  34  3:36  Missile Turret  
  34  3:39  Barracks Tech Lab  
  34  3:41  Refinery  
  34  3:43  SCV x2, Refinery  
  34  3:47  Widow Mine x2, Missile Turret  
  40  3:53  Barracks  
  40  3:55  SCV x2  
  42  4:07  SCV  
  42  4:08  Supply Depot, Stimpack  
  43  4:11  Medivac  
  43  4:13  SCV  
  43  4:15  Widow Mine x2  
  50  4:19  SCV  
  50  4:22  Marauder  
  53  4:25  SCV  
  53  4:26  Terran Infantry Weapons Level 1  
  53  4:30  Supply Depot  
  54  4:31  SCV  
  54  4:35  Missile Turret  
  54  4:37  SCV  
  56  4:42  Barracks  
  56  4:43  SCV  
  57  4:49  SCV  
  58  4:58  Marine x2  
  58  4:59  Marauder, Factory Tech Lab  
  62  5:01  Medivac  
  57  5:16  Marine x2  
  57  5:20  Marine  
  50  5:34  Marine x2  
  50  5:38  Marine  
  48  5:44  Widow Mine  
  48  5:49  SCV  
  46  5:50  SCV  
  46  5:52  Marine x2  
  46  5:56  Marauder  
  49  6:01  Starport Reactor, SCV  
  49  6:02  SCV  
  49  6:08  Combat Shields  
  49  6:13  SCV  
  49  6:14  SCV  
  51  6:21  Marine x2  
  51  6:22  Marauder, Widow Mine  
  57  6:26  SCV x2  
  57  6:32  Terran Infantry Armor Level 1  
  59  6:33  Supply Depot  
  59  6:38  SCV x2  
  59  6:39  Medivac x2  
  65  6:40  Marine x2  
  65  6:46  Marauder  
  69  6:50  SCV x2  
  71  6:55  Supply Depot  
  71  6:58  Marine x2  
  73  7:02  SCV x2  
  73  7:07  Barracks  
  73  7:08  Marauder  
  77  7:14  SCV x2  
  79  7:16  Marine x2  
  79  7:17  Supply Depot  
  79  7:21  Medivac  
  79  7:22  Medivac  
  85  7:26  SCV x2  
  85  7:29  Marauder  
  89  7:38  SCV  
  89  7:39  Supply Depot  
  90  7:46  Liberator  
  90  7:47  Liberator  
  78  7:59  Marine x2  
  78  8:00  Marauder  
  78  8:01  Barracks Reactor  
  78  8:03  Barracks  
  88  8:07  Supply Depot  
  88  8:17  Marine x2  
  88  8:18  Widow Mine  
  92  8:22  Marauder  
  94  8:29  Concussive Shells  
  94  8:32  Liberator x2  
  94  8:35  Marine  
  94  8:38  SCV x2  
  94  8:41  Supply Depot  
  97  8:43  Marauder  
  97  8:44  Command Center  
  97  8:45  Armory  
  97  8:47  Widow Mine  
  97  8:48  Engineering Bay  
  101  8:50  SCV x2  
  109  9:02  SCV x2  
  111  9:11  Marine  
  111  9:12  Marauder, Marine x2  
  111  9:13  Marine  
  111  9:14  Barracks Reactor  
  111  9:15  Widow Mine  
  119  9:17  SCV x2, Barracks  
  119  9:18  Liberator  
  121  9:29  SCV x2  
  121  9:30  Supply Depot  
  121  9:34  Marauder  
  121  9:36  Supply Depot  
  121  9:37  Liberator  
  126  9:46  Supply Depot  
  126  9:51  Widow Mine  
  126  9:52  SCV x2, Marine x3  
  133  9:56  Marauder  
  133  9:59  Orbital Command  
  132  10:04  SCV x2  
  134  10:09  Marine x2  
  134  10:10  Marine x2  
  134  10:11  Barracks Reactor  
  138  10:14  Supply Depot  
  138  10:16  SCV x2, Supply Depot  
  138  10:17  Marauder  
  142  10:27  Refinery  
  142  10:29  Refinery  
  142  10:33  Medivac  
  144  10:35  Marine  
  144  10:36  Marine x3  
  144  10:37  Medivac, Marine x2  
  144  10:40  Supply Depot  
  152  10:57  SCV x2  
  148  11:02  Missile Turret  
  149  11:11  Missile Turret  
  149  11:17  Missile Turret  
Show
View Real Time Build Order
Export as new Build Order

ReacH Protoss - Winner!

Build Orders: 1 Gate Expand 

Get SALT Encoding   

  12  0:01  Probe (Chrono Boost)  
  13  0:12  Probe (Chrono Boost)  
  14  0:19  Pylon  
  14  0:29  Probe (Chrono Boost)  
  15  0:39  Probe (Chrono Boost), Gateway  
  16  0:46  Assimilator  
  17  0:50  Probe (Chrono Boost)  
  17  1:00  Probe (Chrono Boost)  
  19  1:11  Probe (Chrono Boost)  
  19  1:24  Nexus  
  18  1:32  Probe (Chrono Boost)  
  19  1:40  Cybernetics Core  
  19  1:43  Probe (Chrono Boost)  
  20  1:47  Assimilator  
  20  1:53  Pylon  
  20  1:57  Probe (Chrono Boost)  
  21  2:08  Probe (Chrono Boost)  
  22  2:17  Robotics Facility  
  22  2:18  Probe (Chrono Boost)  
  23  2:25  Adept  
  23  2:29  Probe (Chrono Boost)  
  26  2:34  Warp Gate (Chrono Boost)  
  26  2:36  Probe (Chrono Boost)  
  27  2:40  Probe (Chrono Boost)  
  27  2:43  Pylon  
  28  2:47  Probe (Chrono Boost)  
  29  2:52  Adept  
  29  2:56  Probe (Chrono Boost)  
  32  3:00  Probe (Chrono Boost)  
  32  3:04  Observer (Chrono Boost)  
  34  3:07  Probe  
  34  3:09  Gateway  
  35  3:18  Gateway  
  35  3:22  Probe  
  35  3:24  Probe  
  37  3:31  Warp Prism (Chrono Boost)  
  39  3:34  Probe  
  39  3:37  Probe, Adept  
  43  3:47  Mothership Core  
  45  3:50  Probe  
  45  3:52  Pylon  
  46  4:00  Probe  
  47  4:08  Probe, Observer  
  49  4:11  Probe, Pylon  
  50  4:19  Pylon  
  50  4:20  Probe  
  51  4:24  Twilight Council  
  51  4:26  Probe  
  53  4:31  Observer  
  53  4:38  Adept x3  
  55  4:42  Probe  
  60  4:47  Nexus  
  60  4:59  Adept x3  
  66  5:05  Immortal  
  70  5:09  Assimilator  
  70  5:10  Blink (Chrono Boost), Assimilator  
  70  5:12  Probe  
  71  5:14  Probe  
  70  5:25  Probe  
  70  5:26  Gateway  
  70  5:27  Gateway  
  61  5:28  Probe  
  55  5:37  Probe  
  55  5:39  Probe  
  57  5:46  Immortal  
  57  5:49  Stalker  
  62  5:54  Probe  
  62  5:55  Probe  
  60  6:06  Probe  
  60  6:09  Probe x2  
  61  6:12  Pylon  
  61  6:14  Pylon  
  61  6:17  Stalker  
  63  6:18  Probe  
  63  6:20  Probe x2  
  66  6:30  Probe x3, Observer  
  70  6:34  Sentry x2  
  70  6:35  Stalker x2  
  78  6:41  Probe  
  78  6:42  Probe  
  81  6:47  Pylon  
  81  6:52  Probe (Chrono Boost)  
  82  6:55  Probe (Chrono Boost), Immortal  
  82  6:57  Sentry  
  82  6:58  Stalker  
  82  7:00  Probe (Chrono Boost)  
  91  7:08  Probe (Chrono Boost)  
  92  7:10  Probe (Chrono Boost)  
  92  7:12  Resonating Glaives, Forge  
  93  7:16  Probe (Chrono Boost)  
  93  7:21  Probe (Chrono Boost), Pylon  
  95  7:23  Stalker x2  
  95  7:24  Pylon  
  95  7:27  Sentry  
  95  7:28  Stalker  
  103  7:30  Probe x2 (Chrono Boost)  
  105  7:40  Stalker  
  105  7:58  Stalker x4  
  111  8:05  Immortal  
  115  8:08  Pylon  
  115  8:11  Assimilator  
  117  8:13  Protoss Ground Weapons Level 1 (Chrono Boost)  
  117  8:15  Assimilator  
  115  8:22  Gateway  
  115  8:26  Gateway  
  115  8:28  Gateway  
  115  8:32  Gateway  
  115  8:35  Pylon  
  115  8:37  Pylon  
  115  8:43  Pylon  
  115  8:46  Immortal  
  115  8:47  Pylon  
  119  8:48  Templar Archives  
  119  8:50  Nexus  
  119  8:54  Pylon  
  119  8:58  Pylon  
  113  9:13  Photon Cannon  
  113  9:18  Probe x2  
  113  9:19  Probe  
  113  9:21  Psionic Storm  
  116  9:26  Assimilator  
  116  9:28  Probe, Assimilator  
  116  9:29  Probe  
  118  9:31  Immortal  
  118  9:32  Probe  
  118  9:36  High Templar x2  
  118  9:37  High Templar, Adept  
  118  9:38  Adept x4  
  135  9:56  Probe  
  135  9:57  Probe  
  135  9:58  Probe  
  138  10:02  High Templar  
  138  10:03  High Templar  
  138  10:06  Probe, Adept x4  
  151  10:15  Zealot  
  151  10:17  Adept x2  
  157  10:22  Observer  
  157  10:27  Probe x3  
  158  10:28  Probe  
  162  10:54  Adept x7  
  162  10:55  Adept x2  
  159  11:19  Archon  
Tags
 
Add a new tag
Caveats
  • Supply blocks, unpowered buildings, or Contaminate may cause inaccurate times.
  • Supply counts are checked every 10 seconds.